Map: Dusty Gorge

Players

Throwfordays

  • Race: Terran Terran
  • League: Silver
  • Spawn Location: 3:00

Faust

  • Race: Terran Terran
  • League: Diamond
  • Spawn Location: 5:00

MeRciLeSs - Winner!

  • Race: Terran Terran
  • League: Diamond
  • Spawn Location: 11:00

Arzergrande - Winner!

  • Race: Zerg Zerg
  • League: Diamond
  • Spawn Location: 9:00

VOD

Have the link to the VOD?

Description

Time

  • Played on: May 17, 2019, 3:16 p.m.
  • Length: 13:56
Show
View Real Time Build Order
Export as new Build Order

Throwfordays Terran 

Build Orders:  

Get SALT Encoding   

  12  0:01  SCV  
  13  0:16  Supply Depot  
  13  0:19  SCV  
  14  0:33  SCV  
  15  0:39  Barracks  
  15  0:49  Supply Depot, SCV  
  16  0:57  Refinery  
  16  1:01  SCV  
  17  1:13  SCV  
  18  1:25  SCV  
  19  1:40  Command Center  
  19  1:50  Orbital Command  
  19  1:53  Marine  
  20  2:14  Marine  
  21  2:18  SCV  
  21  2:22  Refinery  
  22  2:30  SCV  
  22  2:31  Factory  
  22  2:34  Engineering Bay  
  23  2:41  Barracks Tech Lab  
  23  2:42  SCV  
  24  2:53  SCV  
  24  2:57  Refinery, SCV  
  26  3:04  Marine  
  26  3:05  SCV  
  28  3:13  SCV  
  28  3:17  SCV  
  28  3:18  Engineering Bay  
  30  3:20  Factory Tech Lab  
  30  3:23  Marine  
  30  3:25  SCV, Stimpack  
  32  3:29  SCV  
  33  3:36  Terran Infantry Weapons Level 1  
  33  3:41  SCV  
  33  3:47  Supply Depot  
  34  3:49  SCV  
  34  3:52  Hellion  
  34  3:54  SCV  
  38  3:58  Infernal Pre-Igniter  
  38  4:06  SCV  
  39  4:15  Armory, Hellion  
  41  4:18  SCV  
  41  4:20  Marine  
  41  4:22  Supply Depot  
  43  4:28  SCV  
  43  4:30  SCV  
  45  4:38  Terran Infantry Armor Level 1  
  45  4:42  SCV  
  45  4:44  Hellion  
  48  4:53  SCV  
  48  4:54  SCV  
  48  4:58  Refinery  
  50  5:04  Factory  
  50  5:06  SCV x2, Hellion  
  54  5:09  Starport  
  54  5:17  Terran Vehicle Weapons Level 1  
  54  5:18  SCV  
  54  5:20  SCV  
  56  5:29  Mag-Field Accelerator  
  56  5:30  SCV  
  56  5:32  SCV, Hellion  
  60  5:40  Marine  
  61  5:42  SCV  
  61  5:48  Supply Depot x2, Starport Tech Lab  
  62  5:57  Factory Reactor  
  62  6:03  Supply Depot  
  62  6:09  Marine, SCV  
  58  6:27  Marine  
  59  6:37  Banshee  
  59  6:39  Cloaking Field  
  60  6:42  Missile Turret  
  60  6:45  Marine  
  60  6:46  Missile Turret  
  61  6:52  Hellion x2  
  61  6:53  Hellion  
  67  7:02  Marine  
  67  7:07  Sensor Tower  
  68  7:12  SCV, Command Center  
  68  7:13  Supply Depot  
  68  7:15  Orbital Command  
  69  7:20  Banshee  
  72  7:24  SCV  
  72  7:25  Terran Vehicle Weapons Level 2  
  73  7:39  Supply Depot  
  73  7:45  Sensor Tower  
  73  7:48  Command Center  
  73  7:50  Neosteel Armor  
  73  7:51  Supply Depot, Hi-Sec Auto Tracking  
  73  7:54  SCV  
  74  8:09  Supply Depot  
  74  8:15  Hellion x3  
  80  8:30  Command Center  
  80  8:36  Sensor Tower  
  80  8:39  Missile Turret  
  80  8:42  Marine  
  80  8:47  Hyperflight Rotors  
  81  8:50  Terran Infantry Weapons Level 2  
  81  9:00  Marine  
  81  9:01  Planetary Fortress  
  82  9:11  Barracks  
  82  9:13  Cyclone  
  85  9:18  Marine  
  86  9:29  Terran Infantry Armor Level 2  
  86  9:36  Marine  
  87  9:42  SCV  
  88  9:45  Cyclone  
  91  9:54  Marine, SCV  
  91  9:55  Planetary Fortress  
  91  9:59  Refinery  
  93  10:00  Refinery  
  93  10:02  Refinery  
  93  10:03  SCV  
  93  10:06  SCV  
  95  10:09  SCV  
  95  10:12  Marine  
  97  10:15  SCV  
  97  10:18  SCV, Cyclone  
  102  10:22  SCV  
  102  10:27  SCV  
  101  10:29  Marine  
  101  10:31  SCV  
  101  10:34  SCV  
  104  10:39  SCV  
  104  10:41  Smart Servos  
  102  10:46  SCV  
  103  10:50  Cyclone  
  103  10:51  SCV  
  103  10:54  Terran Vehicle Weapons Level 3  
  107  10:58  Factory  
  107  11:02  SCV  
  108  11:15  SCV  
  108  11:22  Cyclone  
  108  11:23  Refinery  
  103  11:27  SCV  
  103  11:30  Liberator  
  106  11:39  SCV  
  107  11:51  SCV  
  111  12:02  Factory Tech Lab  
  108  12:13  Liberator  
  108  12:21  Starport  
  108  12:27  Barracks Reactor  
  82  13:00  Siege Tank x2  
  82  13:03  Widow Mine x2  
  85  13:16  Viking, Starport Reactor  
  83  13:30  Widow Mine x2  
Show
View Real Time Build Order
Export as new Build Order

Faust Terran 

Build Orders:  

Get SALT Encoding   

  12  0:01  SCV  
  13  0:13  SCV  
  14  0:25  SCV, Supply Depot  
  15  0:40  Refinery  
  15  0:46  SCV  
  15  0:48  Barracks  
  16  0:59  SCV  
  17  1:11  SCV  
  18  1:22  Barracks  
  18  1:23  Refinery, SCV  
  19  1:35  SCV  
  19  1:37  Supply Depot  
  19  1:38  Reaper  
  21  1:49  Orbital Command  
  21  2:10  Reaper  
  22  2:18  SCV  
  22  2:21  Reaper  
  24  2:36  SCV  
  25  2:42  Reaper  
  26  2:48  SCV  
  26  2:50  Command Center  
  27  2:53  Reaper  
  28  3:00  SCV  
  29  3:10  Factory  
  29  3:12  SCV  
  30  3:24  SCV  
  30  3:39  SCV  
  29  3:52  SCV, Barracks Tech Lab  
  29  3:54  Barracks Reactor  
  29  3:55  Factory Tech Lab  
  30  3:58  Starport  
  30  4:09  SCV  
  31  4:17  Marine  
  31  4:20  Widow Mine  
  31  4:24  SCV x2  
  36  4:34  Marine  
  36  4:36  SCV  
  36  4:37  SCV  
  38  4:41  Widow Mine  
  40  4:45  Starport Reactor  
  40  4:48  SCV, Infernal Pre-Igniter  
  42  4:53  Orbital Command  
  42  4:56  Marine x3  
  44  5:00  SCV  
  45  5:12  SCV  
  46  5:21  Stimpack  
  46  5:32  Supply Depot x2  
  46  5:38  Refinery  
  46  5:39  Refinery  
  46  5:43  Barracks  
  46  5:53  Marine, SCV, Medivac x2  
  46  5:54  Marine x2, SCV, Hellion  
  57  6:06  SCV  
  57  6:11  Supply Depot, SCV  
  58  6:12  Supply Depot  
  58  6:15  Hellion  
  61  6:35  SCV x2  
  63  6:41  Marine  
  63  6:42  Marine x2  
  68  6:53  Command Center  
  66  6:59  Marine x3  
  66  7:01  Combat Shield  
  69  7:02  SCV x2  
  71  7:17  Marine  
  72  7:24  Fusion Core  
  72  7:29  Widow Mine x2  
  73  7:53  SCV  
  73  7:54  SCV  
  73  8:05  SCV  
  74  8:16  Liberator  
  77  8:53  SCV  
  68  9:01  Refinery, SCV x2  
  68  9:02  Refinery  
  70  9:07  Marine  
  70  9:08  Marine x2  
  73  9:17  Battlecruiser  
  73  9:23  Weapon Refit, Starport  
  79  9:25  Marine x2, Starport  
  79  9:26  SCV x3  
  84  9:35  Armory  
  84  9:37  Armory  
  81  9:43  SCV  
  82  9:54  Concussive Shells  
  82  10:00  Cloaking Field  
  82  10:02  Barracks, Starport Tech Lab  
  82  10:03  Starport Tech Lab  
  83  10:07  SCV x2  
  83  10:08  SCV  
  85  10:19  SCV  
  81  10:28  SCV  
  82  10:31  SCV x2  
  84  10:40  SCV  
  84  10:41  Battlecruiser  
  91  10:43  SCV  
  91  10:47  Supply Depot  
  92  10:55  Supply Depot  
  92  10:57  Supply Depot x2  
  92  11:04  Command Center  
  92  11:09  Battlecruiser x2  
  91  11:19  Hyperflight Rotors  
  91  11:24  SCV  
  92  11:26  Marine  
  91  11:36  SCV  
  92  11:43  Terran Ship Weapons Level 1  
  92  11:44  Terran Vehicle And Ship Armor Level 1  
  90  11:56  Barracks  
  90  11:57  Barracks x2  
  90  11:59  SCV, Barracks, Battlecruiser  
  96  12:13  Battlecruiser  
  76  12:39  Command Center  
  76  12:46  Barracks, Battlecruiser  
  82  12:51  Marine x3  
  82  12:52  Marine x4  
  89  13:09  Marine x4  
  89  13:10  Marine x3  
Show
View Real Time Build Order
Export as new Build Order

MeRciLeSs Terran - Winner!

Build Orders: Mech 

Get SALT Encoding   

  12  0:01  SCV  
  13  0:13  SCV  
  14  0:19  Supply Depot  
  14  0:25  SCV  
  15  0:41  SCV  
  16  0:43  Barracks  
  16  0:49  Refinery  
  16  0:56  SCV  
  17  1:19  SCV  
  18  1:35  Marine  
  18  1:36  Supply Depot  
  18  1:37  Orbital Command  
  19  1:54  Marine  
  20  2:01  Command Center  
  20  2:05  SCV  
  21  2:17  Factory  
  22  2:22  SCV  
  22  2:26  Marine  
  22  2:37  Refinery, SCV  
  23  2:49  SCV  
  24  2:53  Barracks Reactor  
  24  3:01  Hellion  
  24  3:02  SCV  
  24  3:03  Starport  
  27  3:09  Engineering Bay  
  27  3:19  Orbital Command  
  27  3:23  Factory Tech Lab  
  27  3:27  SCV  
  28  3:40  SCV  
  29  3:44  Cyclone  
  29  3:48  SCV  
  33  3:52  Missile Turret  
  33  3:53  Supply Depot, SCV  
  34  4:00  SCV  
  34  4:01  Marine  
  34  4:02  Marine  
  37  4:05  SCV  
  38  4:13  Supply Depot  
  38  4:14  SCV  
  39  4:17  SCV  
  39  4:23  Missile Turret  
  40  4:24  Siege Tank  
  40  4:26  SCV  
  40  4:31  Viking, SCV  
  47  4:38  SCV  
  47  4:42  Supply Depot  
  47  4:43  Marine x2, SCV  
  51  4:54  SCV  
  51  4:56  SCV, Siege Tank  
  56  5:03  Viking  
  56  5:04  Marine  
  56  5:05  Marine  
  56  5:06  SCV  
  61  5:08  SCV  
  62  5:18  Supply Depot  
  62  5:19  SCV, Supply Depot  
  62  5:20  SCV  
  64  5:31  SCV  
  64  5:32  SCV  
  64  5:34  Siege Tank  
  69  5:39  Viking, Command Center  
  71  5:43  SCV  
  71  5:44  SCV  
  71  5:48  Refinery  
  71  5:49  Refinery, Supply Depot  
  73  5:51  Marine x2  
  73  5:56  SCV x2  
  77  6:07  Supply Depot  
  77  6:10  Factory  
  77  6:11  Factory  
  77  6:17  SCV x2  
  79  6:23  Siege Tank  
  79  6:25  Starport Reactor  
  82  6:29  SCV x2  
  84  6:41  SCV x2  
  86  6:51  Marine x2  
  86  6:52  Armory  
  86  6:53  SCV, Armory  
  86  6:54  SCV  
  90  6:55  Refinery  
  90  6:56  Factory Reactor  
  90  6:57  Factory Tech Lab  
  90  7:02  Refinery  
  90  7:03  Orbital Command, Starport x2  
  90  7:05  SCV  
  91  7:11  SCV  
  92  7:16  Siege Tank  
  92  7:18  SCV  
  92  7:19  Missile Turret  
  96  7:23  SCV  
  96  7:26  Siege Tank  
  100  7:30  SCV  
  100  7:34  Hellion x2  
  100  7:35  SCV  
  106  7:39  Viking x2  
  106  7:43  Fusion Core  
  110  7:44  Starport Tech Lab  
  110  7:47  Starport Tech Lab  
  110  7:55  SCV x3  
  113  8:04  Terran Vehicle And Ship Armor Level 1, Terran Vehicle Weapons Level 1  
  113  8:07  SCV x3  
  116  8:18  Factory  
  116  8:20  Factory  
  116  8:31  Advanced Ballistics  
  116  8:40  Command Center  
  116  8:44  SCV  
  117  8:55  Supply Depot  
  117  8:56  Supply Depot  
  117  8:57  Supply Depot  
  117  9:04  Supply Depot  
  117  9:11  Infernal Pre-Igniter  
  117  9:14  Factory Reactor  
  117  9:15  Factory Tech Lab  
  124  9:17  SCV x3, Hellbat x2  
  124  9:24  Missile Turret  
  124  9:27  Supply Depot, Viking x2  
  124  9:29  SCV, Liberator  
  134  9:36  Siege Tank, Cyclone  
  134  9:37  Siege Tank  
  143  9:44  Missile Turret  
  141  9:54  Planetary Fortress  
  141  9:55  Starport Reactor  
  141  9:57  Viking, Liberator  
  141  9:58  Missile Turret  
  146  10:01  Hellbat x4  
  146  10:06  SCV  
  155  10:08  Thor, Siege Tank  
  155  10:10  SCV x2  
  166  10:18  SCV, Missile Turret  
  167  10:22  Refinery  
  167  10:24  Refinery  
  166  10:43  Liberator x2  
  172  10:56  Liberator  
  179  10:57  Supply Depot x2, Hellbat x2  
  179  10:59  Supply Depot x2  
  176  11:28  Liberator x2  
  182  11:34  Terran Vehicle And Ship Armor Level 2  
  182  11:35  Terran Vehicle Weapons Level 2  
  182  11:52  Liberator  
  182  11:53  Viking  
  183  12:24  Siege Tank x3  
  185  12:56  Siege Tank  
  188  13:21  Siege Tank  
Show
View Real Time Build Order
Export as new Build Order

Arzergrande Zerg - Winner!

Build Orders: Hatch First 

Get SALT Encoding   

  12  0:02  Drone  
  13  0:12  Overlord  
  13  0:18  Drone  
  14  0:33  Drone x2  
  14  0:34  Drone  
  17  0:49  Drone  
  18  0:58  Hatchery  
  18  1:02  Drone  
  18  1:06  Extractor  
  17  1:21  Spawning Pool, Drone  
  17  1:22  Drone  
  18  1:31  Drone  
  19  1:39  Overlord  
  19  1:50  Drone  
  20  2:08  Queen  
  20  2:09  Zergling x2  
  20  2:11  Queen, Metabolic Boost  
  20  2:13  Zergling x2  
  20  2:14  Drone  
  27  2:22  Zergling x2  
  28  2:23  Drone  
  29  2:34  Zergling x2, Drone  
  31  2:44  Queen  
  31  2:47  Queen  
  35  2:59  Drone  
  35  3:00  Overlord  
  36  3:13  Extractor  
  36  3:15  Drone  
  36  3:18  Baneling Nest, Drone  
  36  3:19  Drone  
  37  3:20  Overlord  
  35  3:41  Drone  
  35  3:46  Drone x3  
  35  3:47  Drone x2  
  41  3:53  Zergling x2  
  42  3:58  Drone  
  42  4:00  Hatchery  
  42  4:10  Spore Crawler  
  42  4:11  Lair  
  42  4:14  Zergling x6  
  44  4:26  Spore Crawler  
  44  4:27  Drone  
  44  4:28  Extractor, Drone x3  
  44  4:29  Drone  
  47  4:37  Baneling  
  47  4:38  Baneling x2  
  47  4:39  Baneling  
  47  4:40  Baneling  
  47  4:44  Drone x2  
  49  4:53  Evolution Chamber  
  49  4:58  Evolution Chamber  
  47  5:11  Pneumatized Carapace  
  47  5:12  Drone x3  
  50  5:16  Hydralisk Den  
  50  5:17  Extractor  
  50  5:19  Drone x6  
  50  5:20  Roach Warren  
  53  5:22  Overlord  
  53  5:25  Overseer  
  53  5:40  Spore Crawler  
  53  5:42  Drone x4  
  56  5:47  Centrifical Hooks  
  56  5:54  Drone x3  
  56  5:55  Spore Crawler, Drone  
  53  6:20  Zergling x10  
  56  6:41  Baneling x2  
  56  6:43  Zerg Melee Weapons Level 1, Zerg Ground Armor Level 1  
  56  6:46  Grooved Spines  
  56  6:49  Drone x9  
  56  6:52  Overlord x4  
  56  6:54  Overlord  
  65  7:20  Spore Crawler, Hatchery  
  63  7:23  Extractor x2  
  63  7:24  Evolution Chamber  
  60  7:51  Drone x3  
  60  7:52  Drone x3  
  60  7:53  Drone  
  60  7:54  Drone x6  
  60  7:58  Spore Crawler, Muscular Augments  
  71  8:05  Hatchery  
  71  8:06  Zerg Missile Weapons Level 1  
  71  8:07  Glial Reconstitution  
  70  8:13  Lurker Den  
  70  8:14  Drone x4, Spire  
  70  8:15  Spire  
  71  8:24  Hydralisk x3  
  77  8:50  Overseer x2  
  77  8:56  Drone x3  
  77  8:59  Drone  
  77  9:00  Drone x5  
  77  9:02  Overlord x4  
  86  9:07  Zergling x2  
  87  9:18  Roach x2  
  87  9:19  Roach x7  
  87  9:22  Extractor, Hydralisk  
  87  9:23  Hydralisk  
  87  9:24  Spore Crawler x2, Extractor  
  105  9:43  Infestation Pit  
  104  9:53  Drone  
  104  9:54  Drone x2  
  104  9:55  Drone  
  104  9:56  Drone x14  
  122  10:04  Extractor, Hatchery  
  122  10:05  Spore Crawler  
  119  10:10  Baneling x2  
  119  10:27  Ravager  
  119  10:28  Ravager x3  
  119  10:29  Ravager x2  
  119  10:32  Roach x6, Hydralisk x3  
  119  10:33  Hydralisk x2  
  145  10:46  Hive  
  145  10:47  Zerg Melee Weapons Level 2, Zerg Ground Armor Level 2, Zerg Missile Weapons Level 2  
  145  10:50  Zerg Flyer Weapons Level 1  
  145  10:52  Zerg Flyer Armor Level 1  
  145  10:56  Lurker x2  
  145  11:27  Drone x3  
  145  11:28  Drone  
  145  11:29  Drone x7  
  145  11:30  Overlord  
  145  11:31  Overlord x6  
  145  11:32  Overlord  
  156  11:33  Overseer x2  
  154  11:56  Extractor  
  154  12:01  Zergling x4  
  154  12:02  Zergling x34  
  160  12:31  Corruptor x3  
  160  12:34  Corruptor x4  
  160  12:35  Corruptor x12  
  198  12:45  Spore Crawler  
  198  12:48  Baneling x13  
  198  12:49  Baneling x10  
  197  13:05  Baneling  
  197  13:06  Baneling x16  
Tags
 
Add a new tag
Caveats
  • Supply blocks, unpowered buildings, or Contaminate may cause inaccurate times.
  • Supply counts are checked every 10 seconds.